 Dungeon Crawl Stone Soup version 0.31-a0-204-g7da18cac08 (webtiles) character file.

Game seed: 4907240607841782552

96 qw the Shooter (level 4, 0/25 HPs)
             Began as a Deep Elf Hunter on June 27, 2023.
             Slain by a gnoll
             ... wielding a +0 spear
              (1 damage)
             ... on level 3 of the Dungeon.
             The game lasted 00:00:46 (1920 turns).

qw the Shooter (Deep Elf Hunter)                    Turns: 1920, Time: 00:00:46

Health: 0/25       AC:  5    Str: 10    XL:     4   Next: 41%
Magic:  0/6        EV: 11    Int: 14    God:
Gold:   187        SH:  0    Dex: 18    Spells: 3/3 levels left

rFire   . . .        Y - +0 shortbow
rCold   . . .        (shield currently unavailable)
rNeg    . . .        k - +0 ring mail
rPois   .            (no helmet)
rElec   .            (no cloak)
rCorr   .            (no gloves)
SInv    .            (no boots)
Will    .....        l - amulet of guardian spirit
Stlth   +            (no ring)
HPRegen 0.24/turn    (no ring)
MPRegen 0.10/turn

%: guardian spirit
@: about to teleport
A: no striking features
a: no special abilities


You were on level 3 of the Dungeon.
You visited 1 branch of the dungeon, and saw 4 of its levels.

You collected 187 gold pieces.


   Skills:
 - Level 1.5 Fighting
 + Level 7.8 Ranged Weapons
 - Level 2.4 Dodging
 - Level 1.2 Stealth


You had 3 spell levels left.
You didn't know any spells.
Your spell library was empty.

Inventory:

Hand Weapons
 Y - a +0 shortbow (weapon)
Armour
 k - a +0 ring mail (worn)
Jewellery
 l - an amulet of guardian spirit (around neck)
Scrolls
 a - 2 scrolls of identify
 b - a scroll of fog {unknown}
 c - a scroll of amnesia {unknown}
 f - a scroll of teleportation
Potions
 d - a potion of mutation {unknown}
 e - a potion of curing
 g - a potion of ambrosia {unknown}
 h - a potion of heal wounds
 i - a potion of haste
 j - a potion of brilliance {unknown}

Dungeon Overview and Level Annotations

Branches:
Dungeon (4/15)
 Temple: D:4-7

Altars:


Message History

Enter note:
Found a stone staircase leading down.
Enter note:
Enter note:
Enter note:
Enter note:
Enter note:
Enter note:
Enter note:
Enter note: 2 gnolls and a ball python come into view.
The gnoll shouts!
The ball python hisses angrily.
The gnoll moves out of view.
A gnoll comes into view. It is wielding a +0 spear.
Enter note:
Enter note:
Enter note:
Enter note:
Enter note:
Enter note:
Enter note:
Enter note: You shoot an arrow.
The arrow completely misses the ball python.
The gnoll shouts!
You hear a shout!
You shoot an arrow. The arrow hits the ball python.
You kill the ball python!
You shoot an arrow. The arrow hits the gnoll.
The gnoll is lightly wounded.
You shoot an arrow. The arrow barely misses the gnoll.
The gnoll hits you with a +4 flail!
You shoot an arrow. The arrow barely misses the gnoll.
The gnoll hits you with a +4 flail! The gnoll barely misses you.
The gnoll hits you with a +4 flail!
1920 ||| READING 2 scrolls of teleportation.
As you read the scroll of teleportation, it crumbles to dust.
You feel strangely unstable.
The gnoll hits you from afar with a +0 spear.
You die...

....# ## .. .. .
#.# ...# #.# #.#
#.. ##g..## #.#
#######g# #.###.#
.>....%@# #...#.#
##..###.###.#.#.##
##.........#######
##..###..........
##.# #...#######
#. ..# ###.#
#.##.# #.#
.###.##.#####.#
..............#


You could see 2 gnolls.

Vanquished Creatures
  4 adders
  A worm (D:4)
  2 dart slugs (D:1)
  9 ball pythons
  5 bats
  4 endoplasms
  A giant cockroach (D:1)
  6 goblins
  4 hobgoblins
  3 quokkas
  4 frilled lizards
  8 kobolds
  2 rats
53 creatures vanquished.

Notes
Turn   | Place    | Note
-------+----------+-------------------------------------------
     0 | D:1      | qw the Deep Elf Hunter began the quest for the Orb.
     0 | D:1      | Reached XP level 1. HP: 12/12 MP: 3/3
     0 | D:1      | 0 ||| qw: Version: 0.3-a-22-g0ed2b0b
     0 | D:1      | 0 ||| qw: Game counter: 6359
     0 | D:1      | 0 ||| qw: Melee chars always use a shield: true
     0 | D:1      | 0 ||| qw: God list: Okawaru
     0 | D:1      | 0 ||| qw: Allow faded altars: false
     0 | D:1      | 0 ||| qw: Do Orc after clearing Dungeon:15 true
     0 | D:1      | 0 ||| qw: Do second Lair branch before Depths: true
     0 | D:1      | 0 ||| qw: Lair rune preference: random
     0 | D:1      | 0 ||| qw: Goals: Normal
     0 | D:1      | 0 ||| PLANNING D:1-11
   202 | D:1      | Reached skill level 6 in Ranged Weapons
   202 | D:1      | Reached XP level 2. HP: 16/16 MP: 4/4
   603 | D:1      | Reached XP level 3. HP: 20/20 MP: 5/5
   651 | D:1      | 651 ||| READING 2 scrolls labelled LYLUVUE XYDGHO.
   652 | D:1      | 652 ||| READING scroll labelled BEIPHE FOAQ.
   657 | D:1      | 657 ||| DRINKING 2 bubbling yellow potions.
   658 | D:1      | 658 ||| DRINKING 2 yellow potions.
   659 | D:1      | 659 ||| DROPPING scroll of butterflies.
   812 | D:2      | You fall into a shaft and drop 2 floors!
   822 | D:4      | Reached skill level 7 in Ranged Weapons
   935 | D:4      | 935 ||| DROPPING ring of wizardry.
   936 | D:4      | 936 ||| READING scroll labelled GOIHIC LUNUL.
   937 | D:4      | 937 ||| DRINKING 2 bubbling pink potions.
   938 | D:4      | 938 ||| DROPPING potion of attraction.
  1009 | D:3      | 1009 ||| READING scroll labelled SAXKOQ NOCO.
  1229 | D:2      | Reached XP level 4. HP: 25/25 MP: 6/6
  1544 | D:2      | 1544 ||| UPGRADING to +0 scale mail.
  1554 | D:2      | 1554 ||| DROPPING +0 leather armour.
  1555 | D:2      | 1555 ||| UPGRADING to +0 ring mail.
  1565 | D:2      | 1565 ||| DROPPING +0 scale mail.
  1566 | D:2      | 1566 ||| UPGRADING to amulet of guardian spirit.
  1571 | D:2      | 1571 ||| DRINKING 2 murky white potions.
  1572 | D:2      | 1572 ||| READING 2 scrolls of identify.
  1572 | D:2      | 1572 ||| IDENTIFYING fuming sapphire potion
  1573 | D:2      | 1573 ||| DROPPING potion of lignification.
  1919 | D:3      | HP: 1/25 [gnoll/+4 flail (9)]
  1920 | D:3      | 1920 ||| READING 2 scrolls of teleportation.
  1920 | D:3      | Slain by a gnoll

Levels and vault maps discovered:
D:1:      minmay_arrival_widening_spiral_wide, layout_basic, minmay_pentomino_r2
D:2:      layout_loops_ring, minmay_increasing_density
D:3:      layout_loops_ring, minmay_circle_x
D:4:      layout_basic

Skill      XL: |  1  2  3 |
---------------+----------+-----
Ranged Weapons | 6 7 |  7.8
Fighting       | |  1.5
Dodging        | |  2.4
Stealth        | |  1.2

Action                     |  1- 3 |  4- 6 || total
---------------------------+-------+-------++-------
   Fire: Shortbow          |   122 |    29 ||   151
    Use: Scroll            |     4 |     2 ||     6
         Potion            |     3 |     1 ||     4
 Armour: Leather armour    |     3 |       ||     3
         Ring mail         |       |     3 ||     3
  Dodge: Dodged            |    15 |     9 ||    24

Table legend:
 A = Non-vault XP
 B = Vault XP
 C = Vault XP percentage of total XP
 D = Non-vault monster count
 E = Vault monster count
 F = Vault count percentage of total count
                 A         B        C        D         E       F
            +---------+---------+-------+---------+---------+-------
      Total |      93 |      45 |  32.6 |      47 |       6 |  11.3
            +---------+---------+-------+---------+---------+-------
        D:1 |      39 |       2 |   4.9 |      22 |       1 |   4.3
        D:2 |      16 |      43 |  72.9 |      11 |       5 |  31.2
        D:3 |      27 |       0 |   0.0 |      10 |       0 |   0.0
        D:4 |      11 |       0 |   0.0 |       4 |       0 |   0.0
            +---------+---------+-------+---------+---------+-------
